 Dungeon Crawl Stone Soup version 0.20.1-1-g8b1a95d (webtiles) character file.

5008 Linguinho the Grappler (level 10, -13/90 (91) HPs)
             Began as a Troll Hunter on Nov 14, 2017.
             Mangled by a komodo dragon (29 damage)
             ... on level 1 of the Lair of Beasts.
             The game lasted 00:15:06 (6740 turns).

Linguinho the Grappler (Troll Hunter)               Turns: 6740, Time: 00:15:06

HP:   -13/90 (91)   AC:  7    Str: 25    XL:     10   Next: 29%
MP:   9/9           EV: 11    Int:  7    God:
Gold: 533           SH:  0    Dex: 10    Spells: 9/9 levels left

rFire    . . .     SeeInvis .     - Unarmed
rCold    . . .     Gourm    +   (no shield)
rNeg     . . .     Faith    .   b - +0 robe
rPois    .         Spirit   .   (helmet restricted)
rElec    .         Reflect  .   a - scarf {repulsion}
rCorr    .         Harm     .   (gloves unavailable)
MR       .....                  (boots unavailable)
Stlth    +.........             (no amulet)
Regen    0.7/turn               (no ring)
MPRegen  0.2/turn               (no ring)

@: repel missiles
A: unfitting armour, claws 3, molten scales 1, blink, deterioration 1, fast
metabolism 3, gourmand, regeneration 1, shaggy fur 1, tough skin 2
a: Blink


You were on level 1 of the Lair of Beasts.
You were very full.

You visited 3 branches of the dungeon, and saw 10 of its levels.

You collected 533 gold pieces.

Inventory:

Missiles
 c - 8 large rocks (quivered)
Armour
 a - a scarf of repulsion (worn)
 b - a +0 robe (worn)
Jewellery
 l - an uncursed amulet of guardian spirit {unknown}
 L - an uncursed ring of positive energy {unknown}
Wands
 d - a wand of acid (10/15)
 u - a wand of scattershot (9/9)
 C - a wand of clouds (4/9)
 G - a wand of acid (8/15)
 J - a wand of disintegration (11/24)
Scrolls
 e - a scroll of enchant armour {unknown}
 g - a scroll of enchant weapon {unknown}
 i - 2 scrolls of amnesia
 m - 7 scrolls of remove curse {unknown}
 n - 4 scrolls of teleportation {unknown}
 p - a scroll of immolation
 q - a scroll of fear {unknown}
 s - a scroll of noise {unknown}
 x - a scroll of summoning {unknown}
 y - 2 scrolls of recharging
 A - a scroll of magic mapping {unknown}
 D - a scroll of blinking {unknown}
 E - 3 scrolls of identify
 H - a scroll of vulnerability {unknown}
Potions
 h - a potion of ambrosia {unknown}
 k - 2 potions of agility
 r - a potion of heal wounds
 t - a potion of resistance
 v - 3 potions of haste
 w - 3 potions of might {unknown}
 z - a potion of flight
 B - 5 potions of curing
 K - a potion of lignification {unknown}
Books
 F - a book of Cantrips

   Spells                             Type                      Level
   a - Confusing Touch                Hexes                        1
   b - Animate Skeleton               Necromancy                   1
   c - Summon Small Mammal            Summoning                    1
   d - Apportation                    Translocation                1
 M - the Catalogue of Execration
   (You found it on level 1 of the Lair of Beasts)

   Spells                             Type                      Level
   a - Confusing Touch                Hexes                        1
   b - Tukima's Dance                 Hexes                        3
   c - Portal Projectile              Hexes/Translocation          3
   d - Summon Guardian Golem          Hexes/Summoning              3
   e - Cause Fear                     Hexes                        4
   f - Silence                        Hexes/Air                    5
Comestibles
 f - 10 bread rations
 j - 2 meat rations
 o - 5 royal jellies
 N - 4 chunks of flesh


   Skills:
 + Level 3.1 Fighting
 * Level 8.4 Throwing
 + Level 4.0 Dodging
 - Level 0.3 Stealth
 * Level 11.3 Unarmed Combat


You had 9 spell levels left.
You didn't know any spells.

Dungeon Overview and Level Annotations

Branches:
Dungeon (8/15)             Temple (1/1) D:7            Lair (1/6) D:8

Altars:
Fedhas
Gozag
Nemelex Xobeh
Qazlal
Sif Muna
Vehumet
Xom
Yredelemnul


Innate Abilities, Weirdness & Mutations

You are too large for most types of armour.
You have claws for hands.
Your metabolism is lightning-fast.
You like to eat raw meat.
Your natural rate of healing is unusually fast.
You are covered in fur. (AC +1)
You have very tough skin. (AC +2)
You are partially covered in molten scales. (AC +2)
You can translocate small distances at will.
Your body sometimes deteriorates upon taking damage.


Message History

The komodo dragon hisses menacingly.
The komodo dragon closely misses you.
You scratch the komodo dragon but do no damage.
The komodo dragon bites you!!
You scratch the komodo dragon.
The komodo dragon is lightly wounded.
An electric eel comes into view.
You claw the komodo dragon!
The komodo dragon is moderately wounded.
The komodo dragon bites you!!
* * * LOW HITPOINT WARNING * * *
The komodo dragon closely misses you.
You see here 2 silver tomahawks.
The komodo dragon bites you.
* * * LOW HITPOINT WARNING * * *
The electric eel shoots out a bolt of lightning at you!
The bolt of electricity hits the plant. x2; The bolt of electricity hits you!
* * * LOW HITPOINT WARNING * * *
The komodo dragon bites you!!
You die...

..................... .. ......
##.#.###............ #.# ##....
............)....... .... ......
.#PP##.#.#####..P.####..#.#.P.#..
.......÷.................(.......
##............##.................
.)...............................
###.#####...#.P##P≈.≈..P≈P≈≈P##..
...............@lP≈≈.PP≈≈≈≈.....
.################≈(PPPP≈P≈≈ #.##
#≈PP≈≈≈≈≈≈≈≈ ## ##P≈≈≈P≈≈P≈≈
#≈≈≈P≈≈≈≈PP ♣≈≈≈≈;≈≈≈≈≈
♣P≈≈≈≈≈≈≈≈≈ ♣♣P≈≈≈≈≈≈≈≈
♣≈≈≈≈≈≈≈≈≈


You could see a komodo dragon and an electric eel.

Vanquished Creatures
  The ghost of Linguinho the Ruffian, a novice TrHu (D:6)
  A spiny frog (Lair:1)
  2 hippogriffs
  Sigmund (D:6)
  A wyvern (Lair:1)
  4 water moccasins
  2 porcupines (Lair:1)
  3 orc warriors
  4 ice beasts
  2 sky beasts
  2 black bears
  A necrophage (D:8)
  7 ogres
  2 big kobolds
  4 bullfrogs
  A scorpion (D:4)
  An electric eel (Lair:1)
  2 howler monkeys
  A crimson imp (D:6)
  A centaur skeleton (D:4)
  3 hounds
  2 jellies (D:6)
  A bullfrog zombie (D:6)
  2 orc priests
  Terence (D:2)
  3 iguanas
  Natasha (D:3)
  4 orc wizards
  3 worker ants
  3 gnolls (D:2)
  10 adders
  A shadow imp (D:8)
  An ooze (D:3)
  A worm (D:2)
  4 dart slugs (D:1)
  4 leopard geckos
  17 orcs
  2 ball pythons
  3 giant cockroaches
  9 goblins
  8 hobgoblins
  12 jackals
  2 quokkas
  7 bats
  6 frilled lizards
  25 kobolds
  A leopard gecko skeleton (D:4)
  A quokka skeleton (D:7)
  6 rats
186 creatures vanquished.

Notes
Turn   | Place    | Note
-------+----------+-------------------------------------------
     0 | D:1      | Linguinho the Troll Hunter began the quest for the Orb.
     0 | D:1      | Reached XP level 1. HP: 19/19 MP: 0/0
    51 | D:1      | Reached XP level 2. HP: 23/27 MP: 1/1
   204 | D:1      | Reached skill level 1 in Unarmed Combat
   217 | D:1      | Reached XP level 3. HP: 30/35 MP: 2/2
   530 | D:2      | Noticed Terence
   538 | D:2      | Killed Terence
   538 | D:2      | Reached skill level 2 in Unarmed Combat
   538 | D:2      | Reached XP level 4. HP: 31/42 MP: 3/3
  1346 | D:3      | Reached skill level 3 in Unarmed Combat
  1441 | D:3      | Reached XP level 5. HP: 47/49 MP: 4/4
  1657 | D:3      | Noticed Natasha
  1662 | D:3      | Killed Natasha
  2031 | D:4      | Reached skill level 4 in Unarmed Combat
  2059 | D:4      | Reached XP level 6. HP: 50/57 MP: 5/5
  2122 | D:4      | Found a deep blue altar of Sif Muna.
  2192 | D:4      | Noticed an orc warrior
  2263 | D:3      | Killed an orc warrior
  2263 | D:3      | Reached skill level 5 in Unarmed Combat
  2738 | D:4      | Reached XP level 7. HP: 65/65 MP: 6/6
  2972 | D:4      | Reached skill level 5 in Throwing
  2972 | D:4      | Reached skill level 6 in Unarmed Combat
  3008 | D:5      | Entered Level 5 of the Dungeon
  3057 | D:5      | Found a basalt altar of Yredelemnul.
  3057 | D:5      | Found a radiant altar of Vehumet.
  3061 | D:5      | Found a shimmering altar of Xom.
  3164 | D:5      | Reached skill level 7 in Unarmed Combat
  3366 | D:5      | Reached XP level 8. HP: 59/72 MP: 7/7
  3404 | D:5      | Reached skill level 8 in Unarmed Combat
  3479 | D:5      | Gained mutation: Your body sometimes deteriorates upon taking damage. [mutagenic meat]
  3480 | D:5      | Gained mutation: You are partially covered in molten scales. (AC +2) [mutagenic meat]
  3481 | D:5      | Gained mutation: You can translocate small distances at will. [mutagenic meat]
  4071 | D:6      | Noticed Linguinho's ghost (novice TrHu)
  4175 | D:6      | Killed Linguinho's ghost
  4175 | D:6      | Reached skill level 9 in Unarmed Combat
  4175 | D:6      | Reached XP level 9. HP: 37/80 MP: 8/8
  4780 | D:6      | Noticed Sigmund
  4787 | D:6      | Killed Sigmund
  5019 | D:7      | Reached skill level 10 in Unarmed Combat
  5031 | D:7      | Found a sparkling altar of Nemelex Xobeh.
  5034 | D:7      | Found an opulent altar of Gozag.
  5119 | D:7      | Found a staircase to the Ecumenical Temple.
  5430 | Temple   | Entered the Ecumenical Temple
  5474 | D:8      | Found a staircase to the Lair.
  5640 | D:8      | Found a stormy altar of Qazlal.
  5650 | D:8      | Found a blossoming altar of Fedhas.
  6180 | D:8      | Reached XP level 10. HP: 79/90 MP: 9/9
  6305 | Lair:1   | Entered Level 1 of the Lair of Beasts
  6399 | Lair:1   | Noticed a spiny frog
  6417 | Lair:1   | Killed a spiny frog
  6456 | Lair:1   | Reached skill level 11 in Unarmed Combat
  6648 | Lair:1   | Identified the Catalogue of Execration
  6740 | Lair:1   | Mangled by a komodo dragon

Skill      XL: |  1  2  3  4  5  6  7  8  9 10 |
---------------+-------------------------------+-----
Throwing       | 4 5 6 8 |  8.4
Unarmed Combat | 1 2 3 4 5 7 9 10 11 | 11.3
Dodging        | 2 3 4 |  4.0
Fighting       | 2 3 |  3.1
Stealth        | |  0.3

Action                   |  1- 3 |  4- 6 |  7- 9 | 10-12 || total
-------------------------+-------+-------+-------+-------++-------
Melee: Unarmed           |   100 |   198 |   212 |    41 ||   551
       Punch             |       |     1 |     4 |     4 ||     9
Throw: Large rock        |       |     2 |    23 |       ||    25
       Tomahawk          |       |       |    69 |     2 ||    71
       Throwing net      |       |       |     2 |       ||     2
  Use: Potion            |       |       |     3 |       ||     3
       Scroll            |       |       |     8 |       ||     8
 Stab: Sleeping          |       |     1 |       |       ||     1
  Eat: Chunk             |    10 |    20 |    37 |     5 ||    72
Armor: Robe              |    56 |    60 |    64 |    10 ||   190
Dodge: Dodged            |    70 |    87 |    84 |    23 ||   264
       Deflected         |     7 |     1 |     1 |       ||     9
